 Dungeon Crawl Stone Soup version 0.31-a0-232-gb1c03b2570 (webtiles) character file.

Game seed: 18300646297018209033

56 qw the Shooter (level 3, -3/21 HPs)
             Began as a Gargoyle Hexslinger on July 7, 2023.
             Slain by a gnoll
             ... wielding a +0 spear
              (4 damage)
             ... on level 2 of the Dungeon.
             The game lasted 00:00:30 (1018 turns).

qw the Shooter (Gargoyle Hexslinger)                Turns: 1018, Time: 00:00:31

Health: -3/21      AC:  6    Str: 11    XL:     3   Next: 97%
Magic:  4/4        EV: 11    Int: 13    God:
Gold:   14         SH:  0    Dex: 14    Spells: 3/4 levels left

rFire   . . .        Y - +1 sling
rCold   . . .        (no shield)
rNeg    + . .        h - +0 leather armour
rPois   inf          (no helmet)
rElec   +            (no cloak)
rCorr   .            (no gloves)
SInv    .            (no boots)
Will    .....        (no amulet)
Stlth   +            (no ring)
HPRegen 0.23/turn    (no ring)
MPRegen 0.09/turn

%: no passive effects
@: no status effects
A: sickness immunity, AC +3, negative energy resistance 1, electricity
resistance, torment resistance 1, petrification resistance
a: no special abilities


You were on level 2 of the Dungeon.
You visited 1 branch of the dungeon, and saw 2 of its levels.

You collected 113 gold pieces.
You spent 99 gold pieces at shops.


Innate Abilities, Weirdness & Mutations

You are immune to sickness and miasma.
Your stone body is resilient. (AC +3)
You are immune to poison.
You resist negative energy. (rN+)
You are resistant to electric shocks. (rElec)
You are resistant to unholy torment.
You are immune to petrification.


   Skills:
 - Level 2.0 Fighting
 + Level 3.8 Ranged Weapons
 - Level 1.5 Dodging
 - Level 1.0 Spellcasting
 - Level 2.6 Hexes


You had 3 spell levels left.
You knew the following spells:

 Your Spells              Type           Power      Damage    Failure   Level
a - Slow                  Hex            28%        N/A       12%         1

Your spell library contained the following spells:

 Spells                   Type           Power      Damage    Failure   Level
 Inner Flame              Hex/Fire       4%         N/A       54%         3
 Portal Projectile        Hex/Tloc       8%         N/A       54%         3
 Cause Fear               Hex            3%         N/A       77%         4

Inventory:

Hand Weapons
 Y - a +1 sling (weapon)
Armour
 h - a +0 leather armour (worn)
Scrolls
 c - a scroll of teleportation {unknown}
 f - 2 scrolls of identify
Potions
 a - a potion of enlightenment
 b - a potion of might

Dungeon Overview and Level Annotations

Branches:
Dungeon (2/15)

Altars:

Shops:
D:1 =   D:2 !

Annotations:
D:1 2 runed translucent doors


Message History

The sling bullet hits the gnoll.
The gnoll is severely wounded.
You hear an angry hiss.
You shoot a sling bullet. The sling bullet hits the gnoll.
You kill the gnoll!
The gnoll hits you from afar with a +0 spear.
A hobgoblin comes into view.
You shoot a sling bullet. The sling bullet hits the gnoll.
The gnoll is heavily wounded.
The gnoll hits you but does no damage.
You shoot a sling bullet. The sling bullet hits the gnoll.
The gnoll is almost dead.
The gnoll hits you but does no damage.
You shoot a sling bullet.
The sling bullet hits the gnoll but does no damage.
The gnoll is almost dead.
The gnoll completely misses you. The gnoll hits you but does no damage.
You shoot a sling bullet. The sling bullet hits the gnoll.
The gnoll is almost dead.
An adder comes into view.
The gnoll hits you from afar with a +0 spear.
The gnoll hits you but does no damage.
The gnoll hits you from afar with a +0 spear. x2
You shoot a sling bullet.
The sling bullet closely misses the gnoll.
The sling bullet barely misses the adder.
The gnoll hits you from afar with a +0 spear.
The gnoll misses you.
You shoot a sling bullet.
The sling bullet closely misses the gnoll.
The sling bullet completely misses the hobgoblin.
The sling bullet barely misses the adder.
The gnoll hits you from afar with a +0 spear.
The gnoll misses you.
You shoot a sling bullet.
The sling bullet hits the gnoll but does no damage.
The gnoll is almost dead.
The gnoll barely misses you.
The gnoll hits you from afar with a +0 spear.
You die...

#########
#############@)gg....
...............gS....
......####..#.##...##
....####...##... ..#
..####....####### ...
# #.....## ## ###
#.....##
###..####....##
#......####...#


You could see 2 gnolls, an adder and a hobgoblin.

Vanquished Creatures
  An adder (D:2)
  A gnoll (D:2)
  A dart slug (D:1)
  6 ball pythons
  2 bats (D:1)
  6 endoplasms
  A giant cockroach (D:2)
  4 hobgoblins
  3 kobolds
  A quokka (D:1)
  3 frilled lizards
  2 rats (D:1)
  A spectral kobold (D:1)
32 creatures vanquished.

Notes
Turn   | Place    | Note
-------+----------+-------------------------------------------
     0 | D:1      | qw the Gargoyle Hexslinger began the quest for the Orb.
     0 | D:1      | Reached XP level 1. HP: 12/12 MP: 2/2
     0 | D:1      | 0 ||| qw: Version: 0.3-a-46-gb1f654a
     0 | D:1      | 0 ||| qw: Game counter: 2600
     0 | D:1      | 0 ||| qw: Melee chars always use a shield: true
     0 | D:1      | 0 ||| qw: God list: Okawaru
     0 | D:1      | 0 ||| qw: Allow faded altars: false
     0 | D:1      | 0 ||| qw: Do Orc after clearing Dungeon:15 true
     0 | D:1      | 0 ||| qw: Do second Lair branch before Depths: true
     0 | D:1      | 0 ||| qw: Lair rune preference: random
     0 | D:1      | 0 ||| qw: Goals: Normal
     0 | D:1      | 0 ||| PLANNING D:1-11
    54 | D:1      | Reached XP level 2. HP: 12/16 MP: 3/3
    72 | D:1      | Found a large runed translucent door.
    72 | D:1      | Found a large runed translucent door.
    77 | D:1      | Noticed a troll
   169 | D:1      | Found a faded altar of an unknown god.
   261 | D:1      | Reached skill level 3 in Ranged Weapons
   487 | D:1      | 487 ||| Stepping ~*~*~tactically~*~*~ (water).
   495 | D:1      | Reached XP level 3. HP: 21/21 MP: 4/4
   637 | D:1      | Found Ligek's Jewellery Shoppe.
   645 | D:1      | 645 ||| SHOPLISTING +5 ring of evasion (504 gold, have
                  | 100).
   645 | D:1      | 645 ||| SHOPLISTING +6 ring of dexterity (504 gold, have
                  | 100).
   645 | D:1      | 645 ||| SHOPLISTING amulet of the acrobat (420 gold, have
                  | 100).
   645 | D:1      | 645 ||| SHOPLISTING ring of see invisible (210 gold, have
                  | 100).
   645 | D:1      | 645 ||| SHOPLISTING ring of willpower (350 gold, have 100).
   742 | D:1      | 742 ||| UPGRADING to +0 leather armour.
   752 | D:1      | 752 ||| DROPPING +0 robe.
   753 | D:1      | 753 ||| READING scroll labelled TAAGGI XILU.
   754 | D:1      | 754 ||| READING scroll labelled OFUDUIGIAR.
   755 | D:1      | 755 ||| READING 3 scrolls labelled SATRANKAELE.
   756 | D:1      | 756 ||| READING scroll labelled LYUWYBROPSUS.
   757 | D:1      | 757 ||| DROPPING scroll of poison.
   810 | D:2      | Found Ludi's Distillery.
   846 | D:2      | 846 ||| BUYING potion of enlightenment (55 gold).
   846 | D:2      | Bought a potion of enlightenment for 55 gold pieces
   846 | D:2      | 846 ||| SHOPLISTING potion of enlightenment (55 gold, have
                  | 53).
   846 | D:2      | 846 ||| BUYING potion of might (44 gold).
   846 | D:2      | Bought a potion of might for 44 gold pieces
   846 | D:2      | 846 ||| SHOPLISTING potion of might (44 gold, have 9).
  1016 | D:2      | HP: 1/21 [gnoll/+0 spear (6)]
  1018 | D:2      | Slain by a gnoll

Levels and vault maps discovered:
D:1:      erik_arrival_cave_to_civilisation [erik_arrival_cave_to_temple],
          layout_basic, dreamdust_ecumenical_altar_drowned_temple, serial_shops,
          shop
D:2:      layout_basic, serial_shops, nicolae_shop_tiny_waterfront,
          minmay_misc_feat_x

Skill      XL: |  1  2  3 |
---------------+----------+-----
Ranged Weapons | 3 |  3.8
Fighting       | 2 |  2.0
Dodging        | |  1.5
Spellcasting   | |  1.0
Hexes          | |  2.6

Action                     || total
---------------------------++-------
   Fire: Sling             ||   133
    Use: Scroll            ||     4
 Armour: Robe              ||    10
         Leather armour    ||    12
  Dodge: Dodged            ||    39

Table legend:
 A = Non-vault XP
 B = Vault XP
 C = Vault XP percentage of total XP
 D = Non-vault monster count
 E = Vault monster count
 F = Vault count percentage of total count
                 A         B        C        D         E       F
            +---------+---------+-------+---------+---------+-------
      Total |      76 |       5 |   6.2 |      29 |       3 |   9.4
            +---------+---------+-------+---------+---------+-------
        D:1 |      35 |       5 |  12.5 |      20 |       3 |  13.0
        D:2 |      41 |       0 |   0.0 |       9 |       0 |   0.0
            +---------+---------+-------+---------+---------+-------
